 Dungeon Crawl Stone Soup version 0.32-a0-898-g7811c86cf0 (webtiles) character file.

Game seed: 12575640482629734052

1 WhiterunGuard03 the Cudgeller (level 1, 18/18 HPs)
             Began as a Human Berserker on Apr 4, 2024.
             Was a Follower of Trog.
             Got out of the dungeon alive.
             The game lasted 00:02:08 (403 turns).

WhiterunGuard03 the Cudgeller (Human Berserker)      Turns: 403, Time: 00:02:09

Health: 18/18      AC:  2    Str: 17    XL:     1   Next: 20%
Magic:  1/1        EV: 11    Int:  7    God:    Trog [*.....]
Gold:   11         SH:  0    Dex: 12    Spells: 0/0 levels left

rFire   . . .        e - +2 mace (holy)
rCold   . . .        (no shield)
rNeg    . . .        b - +0 animal skin
rPois   .            (no helmet)
rElec   .            (no cloak)
rCorr   .            (no gloves)
SInv    .            (no boots)
Will    .....        (no amulet)
Stlth   +            (no ring)
HPRegen 0.23/turn    (no ring)
MPRegen 0.07/turn

%: no passive effects
@: no status effects
A: explore regen
a: Renounce Religion, Berserk


You escaped.
You worshipped Trog.
Trog was aware of your devotion.
You visited 1 branch of the dungeon, and saw 1 of its levels.

You collected 11 gold pieces.

Inventory:

Hand Weapons
 a - a +0 mace
 e - a +2 mace of holy wrath (weapon)
Armour
 b - a +0 animal skin (worn)
Scrolls
 c - a scroll of identify {unknown}
 d - a scroll of teleportation {unknown}


   Skills:
 + Level 3.0 Fighting
 + Level 3.0 Maces & Flails
 + Level 2.0 Armour
 + Level 2.0 Dodging


You couldn't memorise any spells.
You didn't know any spells.
Your spell library was empty.

Dungeon Overview and Level Annotations

Branches:
Dungeon (1/15)

Altars:


Innate Abilities, Weirdness & Mutations

You regain HP and MP as you explore.


Message History

Unknown command.
You see here a ball python corpse.
Unknown command.
You aren't carrying any potions.
You see here a ball python corpse.
Okay, then.
Okay, then.
Okay, then.
What are your orders? t - Shout!
Orders for allies: a - Attack new target. r - Retreat! s - Stop attacking. g - Guard the area. f - Follow me.
Anything else - Cancel.
Okay, then.
Found a short sword.
A rat comes into view.
The rat squeaks loudly.
The rat bites you but does no damage.
You hit the rat.
The rat is severely wounded.
The rat misses you.
You barely miss the rat.
The rat is severely wounded.
The rat barely misses you.
You hit the rat.
You kill the rat!
Trog accepts your kill.
You see here a rat corpse.
Okay, then.
You see here a +0 short sword.
Unknown command.
You see here a rat corpse.
There is an open door here.
You open the door.
There is an open door here.
There is a staircase leading out of the dungeon here.
Unknown command.
You can't go down here!
You have escaped!

.# #. . #. #. .
##+## #. #. ####.
#...# #.## #. ..
#.#.#####...#
#.#### #.
....###.#.#≈~.#...#
#.#..#####.
........#.#≈~.#...#
#.#........
....###.#.#~..#...#
#.#..###### ..
#...'~..'.@.+
#...##
###.#~..#...# #.#.#
#.#~~.#...# #.#.#
#.#≈~.#...# #.#.#
#.#####...# ##.#.#
##.# #...# #.##.#
#.# ##'## #.##.#
#.## #...# ##.##.#
##.###...###.###.#


There were no monsters in sight!

Vanquished Creatures
  A ball python (D:1)
  A rat (D:1)
2 creatures vanquished.

Notes
Turn   | Place    | Note
-------+----------+-------------------------------------------
     0 | D:1      | WhiterunGuard03 the Human Berserker began the quest for the
                  | Orb.
     0 | D:1      | Reached XP level 1. HP: 18/18 MP: 1/1
   403 | D:$      | Got out of the dungeon alive.

Illustrated notes

Levels and vault maps discovered:
D:1:      dpeg_arrival_yet_another_circle, layout_loops_ring,
          ebering_ecumenical_altar_rust, supply_closet_lemuel

Action                     || total
---------------------------++-------
  Melee: Mace              ||     4
 Armour: Animal skin       ||     1
  Dodge: Dodged            ||     3

Table legend: (Time is in decaauts)
 A = Elapsed time spent in this place.
 B = Non-inter-level travel time spent in this place.
 C = Inter-level travel time spent in this place.
 D = Time resting spent in this place.
 E = Time spent auto-exploring this place.
 F = Levels seen in this place.
 G = Mean time per level.
                   A        B        C        D        E       F      G
               +--------+--------+--------+--------+--------+-----+--------+
         Total |    404 |    404 |      0 |    200 |      0 |   1 |  404.0 |
       Dungeon |    404 |    404 |      0 |    200 |      0 |   1 |  404.0 |
               +--------+--------+--------+--------+--------+-----+--------+

Top non-repeatable levels by time:
     D:1: 404 daAuts
